[Event "Titled Tuesday Blitz February 21 Early 2023"]
[White "Buchenau, Frank"]
[Black "Kravtsiv, Martyn"]
[WhiteFideId "4604350"]
[BlackFideId "14113147"]
[WhiteElo "2222"]
[BlackElo "2598"]
[Result "1-0"]
[Round "01"]
[TimeControl "180+2"]
[Date "2023.02.21"]
[WhiteClock "0:00:20"]
[BlackClock "0:00:38"]

1. e4 e5 2. Bc4 Nf6 3. d3 c6 4. Nf3 d5 5. Bb3 Bd6 6. Nc3 d4 7. Ne2 c5 8. c3 Nc6 9. O-O O-O 10. Ng3 g6 11. Bh6 Re8 12. Ng5 Re7 13. h3 Qe8 14. a3 Kh8 15. Qf3 Ng8 16. Nxf7+ Rxf7 17. Bxf7 Qe7 18. Bd2 Nd8 19. Bd5 Be6 20. cxd4 exd4 21. b4 Nf7 22. Bxe6 Qxe6 23. Qg4 Qxg4 24. hxg4 cxb4 25. Bxb4 Bxb4 26. axb4 Ne5 27. Ra3 a6 28. Rc1 Nxg4 29. Rc7 Rb8 30. Ne2 N8f6 31. Nxd4 Rd8 32. Ne6 Re8 33. Nc5 b6 34. Nxa6 Nd5 35. Rb7 Rc8 36. Rb8 Rxb8 37. Nxb8 Nxb4 38. d4 Kg7 39. Ra7+ Kg8 40. Nd7 Nc6 41. Rc7 Nxd4 42. f3 Ne2+ 43. Kf1 Ng3+ 44. Ke1 Ne3 45. Nf6+ Kf8 46. Kf2 Nef1 47. Nxh7+ Ke8 48. Rb7 b5 49. Rxb5 Ke7 50. Rb6 Nh5 51. Kxf1 1-0


[Site "https://www.chess.com"]

[Event "Titled Tuesday Blitz February 21 Early 2023"]
[White "Narayanan, Srinath"]
[Black "Sanchez, Robert"]
[WhiteFideId "5018420"]
[BlackFideId "2034360"]
[WhiteElo "2559"]
[BlackElo "1966"]
[Result "1-0"]
[Round "01"]
[TimeControl "180+2"]
[Date "2023.02.21"]
[WhiteClock "0:00:39"]
[BlackClock "0:00:55"]

1. Nf3 d5 2. e3 Nc6 3. d4 Bf5 4. Bd3 Bg4 5. Nbd2 e6 6. O-O Bd6 7. a3 a6 8. c4 Nf6 9. b4 dxc4 10. Nxc4 Qe7 11. h3 Bh5 12. Bb2 Rd8 13. Qe2 O-O 14. Rac1 Bxf3 15. Qxf3 e5 16. dxe5 Nxe5 17. Bxe5 Bxe5 18. Rfd1 c6 19. Na5 Bb8 20. g3 Qe6 21. Nxb7 Rd5 22. Bf1 Rxd1 23. Rxd1 Nd5 24. Nc5 Qg6 25. Nxa6 Be5 26. Nc5 Ra8 27. b5 Nc3 28. Rd7 h5 29. bxc6 Rxa3 30. Rd8+ Kh7 31. Bd3 Ra1+ 32. Kg2 1-0


[Site "https://www.chess.com"]

[Event "Titled Tuesday Blitz February 21 Early 2023"]
[White "Vagman, Roy"]
[Black "Ibarra Jerez, Jose Carlos"]
[WhiteFideId "2828995"]
[BlackFideId "2226332"]
[WhiteElo "2273"]
[BlackElo "2563"]
[Result "0-1"]
[Round "01"]
[TimeControl "180+2"]
[Date "2023.02.21"]
[WhiteClock "0:01:16"]
[BlackClock "0:00:28"]

1. e4 c5 2. Nf3 e6 3. d4 cxd4 4. Nxd4 Bc5 5. Nb3 Bb6 6. Qe2 Ne7 7. Be3 O-O 8. Nc3 f5 9. O-O-O f4 10. Bxb6 Qxb6 11. f3 Nbc6 12. g3 Ng6 13. Bh3 a6 14. Rhe1 Qc7 15. Nd2 fxg3 16. hxg3 Qxg3 17. Bg4 b5 18. Nf1 Qc7 19. Ne3 Nce5 20. Rh1 Qc5 21. Kb1 Bb7 22. Bh5 Nf4 23. Qd2 Rac8 24. Qd6 Qxd6 25. Rxd6 Bc6 26. Ng4 Nc4 27. Rdd1 Nxh5 28. Rxh5 Rxf3 29. Rdh1 Rcf8 30. a3 Rf1+ 31. Rxf1 Rxf1+ 32. Ka2 Rf4 33. Ne5 g6 34. Nd3 Rg4 35. Rc5 h5 36. Nb4 h4 37. Nxc6 dxc6 38. Rxc6 h3 39. Rc8+ Kg7 40. Rc7+ Kh6 41. Rc8 Rh4 42. Ne2 h2 43. Ng3 Kg5 44. Nh1 Rxe4 45. Rh8 Re2 46. Ng3 Rxc2 47. Nf1 Rxb2+ 48. Ka1 Rf2 49. Nxh2 Nxa3 50. Ng4 Rf1+ 51. Ka2 Kxg4 52. Kxa3 Rf4 53. Kb3 g5 54. Rg8 a5 55. Rg6 Rf3+ 56. Kc2 Kf5 57. Rg8 g4 58. Rb8 b4 59. Rb5+ e5 60. Rxa5 g3 61. Ra8 g2 62. Rg8 Rf2+ 63. Kb3 Kf4 64. Kxb4 e4 65. Kc3 e3 66. Kd3 Rd2+ 67. Kc3 Kf3 68. Rf8+ Ke2 69. Rg8 Kf1 70. Rf8+ Rf2 71. Ra8 e2 72. Kd3 e1=Q 73. Ra1 Qxa1 74. Ke3 0-1


[Site "https://www.chess.com"]

[Event "Titled Tuesday Blitz February 21 Early 2023"]
[White "Kamsky, Gata"]
[Black "Chakravarthi Reddy, M"]
[WhiteFideId "2000024"]
[BlackFideId "25009532"]
[WhiteElo "2665"]
[BlackElo "2279"]
[Result "1/2-1/2"]
[Round "01"]
[TimeControl "180+2"]
[Date "2023.02.21"]
[WhiteClock "0:00:03"]
[BlackClock "0:00:12"]

1. e4 e5 2. Nf3 Nc6 3. Bb5 a6 4. Ba4 Nf6 5. O-O b5 6. Bb3 Be7 7. Re1 O-O 8. c3 d5 9. d3 dxe4 10. dxe4 Bg4 11. Qxd8 Raxd8 12. Nbd2 b4 13. Ba4 bxc3 14. bxc3 Bd7 15. Bxc6 Bxc6 16. Nxe5 Bxe4 17. Nxe4 Nxe4 18. Nc6 Bc5 19. Be3 Rd6 20. Bxc5 Nxc5 21. Ne7+ Kh8 22. Rad1 Rxd1 23. Rxd1 Re8 24. Nd5 Rd8 25. Rb1 g6 26. Ne3 Rd2 27. h4 Rxa2 28. Rb8+ Kg7 29. Rc8 Ne6 30. Nd5 c5 31. g3 Rd2 32. Ne3 Rd3 33. c4 a5 34. Ra8 Ra3 35. Kg2 a4 36. Ng4 Ra1 37. Ra7 a3 38. Ne5 a2 39. Nxf7 Kf6 40. Nd6 Nd4 41. Ne4+ Ke5 42. Nc3 Rc1 43. Nxa2 Rxc4 44. Rxh7 Rc2 45. Ra7 c4 46. Nb4 Rb2 47. Ra5+ Ke6 48. Ra6+ Ke5 49. Ra5+ Ke6 50. Ra6+ Ke5 51. Ra5+ 1/2-1/2


[Site "https://www.chess.com"]

[Event "Titled Tuesday Blitz February 21 Early 2023"]
[White "Ramirez Allo, Eduardo"]
[Black "Grigorjev, Iljya"]
[WhiteFideId "2224178"]
[BlackFideId "24159565"]
[WhiteElo "2274"]
[BlackElo "2426"]
[Result "1-0"]
[Round "01"]
[TimeControl "180+2"]
[Date "2023.02.21"]
[WhiteClock "0:00:12"]
[BlackClock "0:00:03"]

1. Nf3 Nf6 2. g3 g6 3. Bg2 Bg7 4. O-O O-O 5. c4 d5 6. d4 Nc6 7. Nbd2 a5 8. e3 a4 9. h3 dxc4 10. Nxc4 Be6 11. Qe2 Bd5 12. Bd2 Ne4 13. Rfc1 Re8 14. Be1 h6 15. Rc2 Nf6 16. Nfe5 Bxg2 17. Kxg2 Nxe5 18. Nxe5 c6 19. Qf3 Qd5 20. Nd3 Qxf3+ 21. Kxf3 Nd7 22. Rd1 f5 23. Bb4 Kf7 24. g4 e6 25. Ke2 Bf6 26. f4 Nb6 27. Bd6 Nd5 28. Be5 Be7 29. a3 h5 30. Rg1 Rg8 31. Kf3 Rac8 32. Rcg2 Bf6 33. Bxf6 Nxf6 34. gxf5 gxf5 35. Ne5+ Ke7 36. Rg7+ Kd6 37. R1g6 Rxg7 38. Rxg7 Rc7 39. Nc4+ Kd5 40. Rxc7 Kxc4 41. Rxb7 1-0


[Site "https://www.chess.com"]

[Event "Titled Tuesday Blitz February 21 Early 2023"]
[White "Livaic, Leon"]
[Black "Mazurkiewicz, Michal"]
[WhiteFideId "14531534"]
[BlackFideId "1124943"]
[WhiteElo "2579"]
[BlackElo "2145"]
[Result "1-0"]
[Round "01"]
[TimeControl "180+2"]
[Date "2023.02.21"]
[WhiteClock "0:01:19"]
[BlackClock "0:00:11"]

1. Nf3 Nf6 2. g3 g6 3. Bg2 Bg7 4. O-O O-O 5. d4 d6 6. Nc3 c5 7. dxc5 dxc5 8. e4 Nc6 9. h3 Nd4 10. Be3 Nxf3+ 11. Qxf3 Nd7 12. Rad1 Ne5 13. Qe2 Qa5 14. f4 Nc6 15. e5 f6 16. Qc4+ Kh8 17. exf6 Bxf6 18. Qxc5 Qxc5 19. Bxc5 Bf5 20. Rd2 Rac8 21. g4 Be6 22. Re1 Bg8 23. Bxc6 Rxc6 24. Bd4 Kg7 25. Rxe7+ Rf7 26. Bxf6+ Kxf6 27. Rxf7+ Bxf7 28. Rd7 Rb6 29. b3 Rc6 30. Ne4+ 1-0


[Site "https://www.chess.com"]

[Event "Titled Tuesday Blitz February 21 Early 2023"]
[White "Guliev, Logman"]
[Black "Khanin, Semen"]
[WhiteFideId "13400061"]
[BlackFideId "4111990"]
[WhiteElo "2250"]
[BlackElo "2566"]
[Result "0-1"]
[Round "01"]
[TimeControl "180+2"]
[Date "2023.02.21"]
[WhiteClock "0:00:06"]
[BlackClock "0:01:01"]

1. e4 c6 2. d4 d5 3. exd5 cxd5 4. c4 Nf6 5. Nc3 Nc6 6. Bg5 dxc4 7. d5 Na5 8. Bxc4 Nxc4 9. Qa4+ Bd7 10. Qxc4 g6 11. Bxf6 exf6 12. Nge2 Bg7 13. O-O O-O 14. Rad1 f5 15. Nd4 Qb6 16. Na4 Qa5 17. Nc3 Rfc8 18. Qb3 Qb6 19. Qxb6 axb6 20. a3 Rc4 21. Ndb5 Rc5 22. Nd4 Rc4 23. Ndb5 Ra5 24. Nd6 Rc7 25. b4 Ra8 26. Ncb5 Rc2 27. Rfe1 Bf8 28. Rc1 Rd2 29. Red1 Rxd1+ 30. Rxd1 Bxd6 31. Nxd6 Rxa3 32. Nxb7 Rb3 33. f3 Rxb4 34. Rd2 Rb1+ 35. Kf2 Kf8 36. d6 Kg7 37. Rc2 Rd1 38. Rb2 Bc8 39. Rxb6 Bxb7 40. Rxb7 Rxd6 41. h4 h6 42. Kg3 Rd4 43. f4 Rd3+ 44. Kh2 Kf6 45. Rb6+ Ke7 46. g3 Rd6 47. Rb7+ Ke6 48. Rb8 Kd5 49. Rh8 h5 50. Ra8 Ke4 51. Ra7 Kf3 52. Ra3+ Ke2 53. Ra7 Rd2 0-1


[Site "https://www.chess.com"]

[Event "Titled Tuesday Blitz February 21 Early 2023"]
[White "Bacrot, Etienne"]
[Black "Gheorghiu, Calin"]
[WhiteFideId "605506"]
[BlackFideId "1200305"]
[WhiteElo "2667"]
[BlackElo "2313"]
[Result "1-0"]
[Round "01"]
[TimeControl "180+2"]
[Date "2023.02.21"]
[WhiteClock "0:01:42"]
[BlackClock "0:01:05"]

1. e4 e6 2. Nf3 d5 3. exd5 exd5 4. d4 Nc6 5. Bb5 Bd6 6. O-O Ne7 7. c4 dxc4 8. Bxc4 O-O 9. h3 Bf5 10. Nc3 h6 11. Re1 Ng6 12. a3 Nf4 13. Be3 Re8 14. Qb3 Qf6 15. Bxf4 Bxf4 16. Rxe8+ Rxe8 17. Nd5 Qd6 18. Nxf4 Qxf4 19. Bxf7+ Kf8 20. Bxe8 Kxe8 21. Qg8+ Kd7 22. Qxg7+ Kc8 23. Re1 b6 24. d5 Na5 25. Qe5 1-0


[Site "https://www.chess.com"]

[Event "Titled Tuesday Blitz February 21 Early 2023"]
[White "Srebrnic, Marko"]
[Black "Predke, Alexandr"]
[WhiteFideId "14603616"]
[BlackFideId "24107581"]
[WhiteElo "2366"]
[BlackElo "2685"]
[Result "0-1"]
[Round "01"]
[TimeControl "180+2"]
[Date "2023.02.21"]
[WhiteClock "0:02:16"]
[BlackClock "0:02:32"]

1. e4 c5 2. Nf3 e6 3. g3 Nc6 4. Bg2 Nf6 5. Qe2 e5 6. c3 Be7 7. O-O O-O 8. Na3 Re8 9. Nc2 Bf8 10. d3 h6 11. h3 d5 12. a3 c4 13. dxc4 dxe4 14. Nd2 Qd3 15. Qxd3 exd3 0-1


[Site "https://www.chess.com"]

[Event "Titled Tuesday Blitz February 21 Early 2023"]
[White "Gokerkan, Cem Kaan"]
[Black "Aslanov, Umid"]
[WhiteFideId "6336760"]
[BlackFideId "13412620"]
[WhiteElo "2500"]
[BlackElo "2273"]
[Result "1-0"]
[Round "01"]
[TimeControl "180+2"]
[Date "2023.02.21"]
[WhiteClock "0:02:56"]
[BlackClock "0:02:20"]

1. e4 c5 2. c3 Nf6 3. e5 Nd5 4. d4 cxd4 5. Bc4 Nb6 6. Bb3 d6 7. Nf3 Nc6 8. e6 fxe6 9. cxd4 g6 10. h4 Bd7 11. h5 gxh5 12. Ng5 1-0


[Site "https://www.chess.com"]

[Event "Titled Tuesday Blitz February 21 Early 2023"]
[White "Andreev, Konstantin"]
[Black "Grigoriants, Sergey"]
[WhiteFideId "24239305"]
[BlackFideId "4130804"]
[WhiteElo "2195"]
[BlackElo "2562"]
[Result "0-1"]
[Round "01"]
[TimeControl "180+2"]
[Date "2023.02.21"]
[WhiteClock "0:00:13"]
[BlackClock "0:00:25"]

1. e4 c5 2. Nf3 Nc6 3. Nc3 e6 4. d4 cxd4 5. Nxd4 a6 6. g4 Nge7 7. h4 b5 8. a3 Bb7 9. Rh3 Rc8 10. Nxc6 Nxc6 11. Be3 Ne5 12. Bd4 Qc7 13. f4 Ng6 14. f5 Ne5 15. Be2 Bc5 16. Qd2 Bxd4 17. Qxd4 Qc5 18. O-O-O Qxd4 19. Rxd4 h6 20. a4 bxa4 21. Rxa4 Ke7 22. Bxa6 Bxa6 23. Rxa6 Nxg4 24. Rg3 h5 25. Kd2 Rc5 26. b4 Rc4 27. b5 Rb8 28. Ra7 Nf6 29. Rxg7 Rbc8 30. Ne2 Nxe4+ 31. Kd3 Kf6 32. Rh7 exf5 33. Rh6+ Kg7 34. Rb6 Rxc2 35. Rxd7 Rd2+ 36. Ke3 Rxd7 37. Rc6 Rxc6 38. bxc6 Rc7 39. Nd4 Kf6 40. Kf4 Nd6 0-1


[Site "https://www.chess.com"]

[Event "Titled Tuesday Blitz February 21 Early 2023"]
[White "Bernadskiy, Vitaliy"]
[Black "Shohat, Yotam"]
[WhiteFideId "14100371"]
[BlackFideId "2813955"]
[WhiteElo "2592"]
[BlackElo "2346"]
[Result "1-0"]
[Round "01"]
[TimeControl "180+2"]
[Date "2023.02.21"]
[WhiteClock "0:00:58"]
[BlackClock "0:00:02"]

1. e4 g6 2. d4 Nf6 3. e5 Nh5 4. Nf3 d6 5. Nc3 Nc6 6. Bb5 a6 7. Ba4 b5 8. Bb3 dxe5 9. Bd5 Bd7 10. Nxe5 Nxe5 11. dxe5 Rb8 12. O-O e6 13. Bf3 Bc5 14. Bxh5 gxh5 15. Ne4 Be7 16. Qxh5 Bc6 17. Rd1 Qc8 18. Qg4 Qb7 19. Qg7 Rf8 20. Nf6+ Bxf6 21. exf6 Bd5 22. Bh6 Kd7 23. Qg3 Rg8 24. Bg7 Rbd8 25. a4 Kc8 26. axb5 axb5 27. h4 Qc6 28. Rd3 Kb7 29. Rc3 Qd6 30. Qxd6 Rxd6 31. Rca3 b4 32. Ra7+ Kb8 33. R7a4 Rb6 34. f3 Rd8 35. Rd1 Kc8 36. Kf2 Bc6 37. Rxd8+ Kxd8 38. Ra1 Bd5 39. Rd1 Rc6 40. Rd2 Kc8 41. g4 Kb7 42. g5 Rc4 43. Kg3 1-0


[Site "https://www.chess.com"]

[Event "Titled Tuesday Blitz February 21 Early 2023"]
[White "Balabayeva, Xeniya"]
[Black "Molina, Roberto Junio Brito"]
[WhiteFideId "13719688"]
[BlackFideId "2109450"]
[WhiteElo "2191"]
[BlackElo "2403"]
[Result "0-1"]
[Round "01"]
[TimeControl "180+2"]
[Date "2023.02.21"]
[WhiteClock "0:00:01"]
[BlackClock "0:00:21"]

1. e4 c6 2. d4 d5 3. Nd2 dxe4 4. Nxe4 Nd7 5. Nf3 Ngf6 6. Ng3 e6 7. c3 c5 8. Be3 Qc7 9. dxc5 Bxc5 10. Bxc5 Nxc5 11. Bb5+ Ke7 12. O-O Rd8 13. Qc2 Bd7 14. Bxd7 Rxd7 15. Rfe1 Rad8 16. Nd4 Kf8 17. b4 Na6 18. Qb3 Kg8 19. h3 Nb8 20. Ne4 Nxe4 21. Rxe4 Nc6 22. Nxc6 Qxc6 23. Rae1 g6 24. Qc4 Rc8 25. Qxc6 Rxc6 26. c4 Rd2 27. a3 Rd3 28. Ra1 b6 29. Kf1 Kf8 30. Ke2 Rb3 31. Kd2 Rb2+ 32. Ke3 Ke7 33. Rf4 f5 34. Kd3 e5 35. Re1 Kf6 36. Rh4 h5 37. f4 e4+ 38. Kc3 Rxg2 39. Rd1 Ke7 0-1


[Site "https://www.chess.com"]

[Event "Titled Tuesday Blitz February 21 Early 2023"]
[White "Rakhmanov, Aleksandr"]
[Black "Heinemann, Josefine"]
[WhiteFideId "4173708"]
[BlackFideId "12900460"]
[WhiteElo "2632"]
[BlackElo "2289"]
[Result "1-0"]
[Round "01"]
[TimeControl "180+2"]
[Date "2023.02.21"]
[WhiteClock "0:00:09"]
[BlackClock "0:00:10"]

1. d4 Nf6 2. c4 e6 3. Nc3 Bb4 4. Qc2 O-O 5. a3 Bxc3+ 6. Qxc3 d5 7. e3 b6 8. Nf3 Ba6 9. Be2 Nbd7 10. O-O c5 11. b3 Rc8 12. a4 cxd4 13. exd4 dxc4 14. bxc4 Qc7 15. Ba3 Rfd8 16. Rac1 Nd5 17. Qb2 Nf4 18. Rfe1 Nxe2+ 19. Rxe2 Nf6 20. Ne5 Nd7 21. Nf3 Qf4 22. h3 Nf6 23. Rec2 Bb7 24. Be7 Re8 25. Bxf6 Bxf3 26. Be5 Qg5 27. Bg3 Bb7 28. c5 bxc5 29. Qxb7 1-0


[Site "https://www.chess.com"]

[Event "Titled Tuesday Blitz February 21 Early 2023"]
[White "Kejna, Piotr"]
[Black "Ivic, Velimir"]
[WhiteFideId "21821704"]
[BlackFideId "950122"]
[WhiteElo "2027"]
[BlackElo "2595"]
[Result "0-1"]
[Round "01"]
[TimeControl "180+2"]
[Date "2023.02.21"]
[WhiteClock "0:00:02"]
[BlackClock "0:00:06"]

1. e4 c5 2. b3 Nc6 3. Bb2 e5 4. Bc4 Nf6 5. Nc3 Be7 6. Nge2 d6 7. O-O O-O 8. f4 Be6 9. f5 Bxc4 10. bxc4 Nd4 11. d3 a6 12. a4 Rb8 13. Bc1 Ne8 14. Nd5 Bg5 15. Nxd4 cxd4 16. Ba3 Nc7 17. f6 gxf6 18. Qh5 Nxd5 19. cxd5 Kh8 20. Rf3 Rg8 21. Raf1 Rc8 22. Bc1 Rxc2 23. Rh3 Rg7 24. Bxg5 fxg5 25. Rxf7 Rc1+ 26. Kf2 Rc2+ 27. Kf1 Qg8 28. Rxg7 Qxg7 29. Qe8+ Qg8 30. Qe6 Qxe6 31. dxe6 Kg7 32. Rf3 Rc8 33. Rf7+ Kg6 34. Rxb7 Re8 35. e7 Kf6 36. Rb6 Kxe7 37. Rxa6 Rc8 38. Ra7+ Ke6 39. Rxh7 Rc2 40. Ra7 Rd2 41. a5 Rxd3 42. a6 Ra3 43. Ra8 Kd7 44. a7 Kc7 45. Rg8 Rxa7 46. Rg7+ Kb6 47. Rxa7 Kxa7 48. g3 g4 49. h4 gxh3 50. g4 d3 51. g5 h2 52. Kg2 d2 53. g6 d1=Q 54. g7 h1=Q+ 0-1


[Site "https://www.chess.com"]

[Event "Titled Tuesday Blitz February 21 Early 2023"]
[White "Rustemov, Alexander"]
[Black "ArchibaldCerveza29"]
[WhiteFideId "4119002"]
[WhiteElo "2525"]
[BlackElo "2456"]
[Result "0-1"]
[Round "01"]
[TimeControl "180+2"]
[Date "2023.02.21"]
[WhiteClock "0:00:07"]
[BlackClock "0:00:10"]

1. d4 d5 2. c4 e6 3. Nc3 Nf6 4. Nf3 c6 5. e3 Bd6 6. Qc2 O-O 7. b3 b6 8. Be2 Bb7 9. O-O Nbd7 10. Bb2 Rc8 11. e4 dxe4 12. Nxe4 Be7 13. Rad1 Qc7 14. Nxf6+ Nxf6 15. c5 Rfd8 16. b4 a5 17. a3 Ra8 18. Ne5 axb4 19. axb4 bxc5 20. dxc5 Nd5 21. Qb3 Bf6 22. Nc4 Ba6 23. Bxf6 Nxf6 24. Rxd8+ Rxd8 25. Rb1 h6 26. Bf1 Rd4 27. Nd6 Bxf1 28. Rxf1 Nd5 29. b5 Rb4 30. Qa3 cxb5 31. Qa8+ Kh7 32. Qe8 Nf6 33. Qxf7 Qxf7 34. Nxf7 Rc4 35. Rb1 Rxc5 36. Nd6 b4 37. h3 Nd5 38. Ne4 Rc2 39. Kh2 Kg6 40. Kg3 Kf5 41. Kf3 g5 42. g3 Ke5 43. Rb3 Kd4 44. Rb1 Kc4 45. Nd6+ Kc5 46. Ne4+ Kc4 47. Nd6+ Kc3 48. Ne4+ Kd4 49. Nd6 Rc3+ 50. Ke2 Rc2+ 51. Kf3 Kc5 52. Ne4+ Kb5 53. Nd6+ Ka4 54. Nf7 b3 55. Nxh6 Nc3 56. Ra1+ Ra2 57. Re1 b2 58. Nf7 Ra1 59. Re5 b1=Q 60. Nxg5 Qd1+ 61. Kf4 Nd5+ 62. Rxd5 Qxd5 63. Kg4 Rf1 64. f4 Qf5+ 65. Kh4 Rh1 66. Kh5 Rxh3# 0-1


[Site "https://www.chess.com"]

[Event "Titled Tuesday Blitz February 21 Early 2023"]
[White "Taichman, Ori"]
[Black "Yuan, Qingyu"]
[WhiteFideId "2804069"]
[BlackFideId "8609772"]
[WhiteElo "2299"]
[BlackElo "2373"]
[Result "0-1"]
[Round "01"]
[TimeControl "180+2"]
[Date "2023.02.21"]
[WhiteClock "0:02:00"]
[BlackClock "0:01:18"]

1. e4 e5 2. d4 exd4 3. Qxd4 Nc6 4. Qe3 Nf6 5. Nc3 Bb4 6. Bd2 O-O 7. O-O-O Re8 8. Qg3 Nxe4 9. Nxe4 Rxe4 10. c3 Be7 11. Nf3 d5 12. Bf4 Ra4 13. Bxc7 Qf8 14. Rxd5 Rg4 15. Qh3 Rg5 16. Nxg5 Bxg5+ 17. Rxg5 Bxh3 18. gxh3 Qe7 19. Bf4 Qe1+ 20. Kc2 Qe4+ 21. Bd3 Qxh1 0-1


[Site "https://www.chess.com"]

[Event "Titled Tuesday Blitz February 21 Early 2023"]
[White "Samsonkin, Artiom"]
[Black "Goltseva, Ekaterina"]
[WhiteFideId "13503111"]
[BlackFideId "24173770"]
[WhiteElo "2420"]
[BlackElo "2283"]
[Result "0-1"]
[Round "01"]
[TimeControl "180+2"]
[Date "2023.02.21"]
[WhiteClock "0:00:17"]
[BlackClock "0:00:08"]

1. d4 Nf6 2. Nf3 e6 3. Bf4 c5 4. e3 cxd4 5. exd4 b6 6. Bd3 Bb7 7. O-O d6 8. Nbd2 Be7 9. Qe2 Nh5 10. Be3 O-O 11. a4 a6 12. Nc4 Nd7 13. Nfe5 dxe5 14. Qxh5 e4 15. Be2 f5 16. Bf4 g5 17. Bd6 Rc8 18. Qh6 Bd5 19. Bxe7 Qxe7 20. b3 f4 21. Bg4 Kh8 22. Ne5 Nxe5 23. dxe5 Rxc2 24. Rac1 Rfc8 25. Rxc2 Rxc2 26. Rd1 Qg7 27. Qh5 Qg6 28. Qh3 e3 29. fxe3 Rxg2+ 30. Kf1 Qc2 0-1


[Site "https://www.chess.com"]

[Event "Titled Tuesday Blitz February 21 Early 2023"]
[White "Grunberg, Mihai-Lucian"]
[Black "Pichot, Alan"]
[WhiteFideId "1204149"]
[BlackFideId "110973"]
[WhiteElo "2401"]
[BlackElo "2638"]
[Result "1-0"]
[Round "01"]
[TimeControl "180+2"]
[Date "2023.02.21"]
[WhiteClock "0:00:14"]
[BlackClock "0:00:32"]

1. Nf3 Nf6 2. g3 g6 3. Bg2 Bg7 4. O-O O-O 5. c4 d6 6. d4 Nc6 7. Nc3 a6 8. e4 Rb8 9. h3 b5 10. cxb5 axb5 11. a3 Nd7 12. Be3 b4 13. axb4 Nxb4 14. Qd2 Nb6 15. b3 Bd7 16. Bh6 c5 17. Bxg7 Kxg7 18. Rfd1 Qc7 19. e5 Be6 20. Rab1 cxd4 21. Nxd4 dxe5 22. Nxe6+ fxe6 23. Ne4 N6d5 24. Ng5 Qb6 25. Re1 Rf5 26. h4 Rbf8 27. Re2 Nc6 28. Nxe6+ Kh8 29. Nxf8 Nd4 30. Bxd5 Qd6 31. Be4 Rxf8 32. Kg2 Kg7 33. Re3 Qf6 34. Rbe1 Rd8 35. Qa5 Rf8 36. Rf1 g5 37. hxg5 Qxg5 38. f4 Qh5 39. Qxe5+ Qxe5 40. fxe5 Rc8 41. Bd5 e6 42. Bc4 Nf5 43. Rxf5 exf5 44. Kf3 Rd8 45. e6 Kf6 46. e7 Re8 47. Kf4 1-0


[Site "https://www.chess.com"]

[Event "Titled Tuesday Blitz February 21 Early 2023"]
[White "Stribuk, Artiom"]
[Black "Real_taiatai"]
[WhiteFideId "13515659"]
[WhiteElo "2378"]
[BlackElo "2442"]
[Result "1-0"]
[Round "01"]
[TimeControl "180+2"]
[Date "2023.02.21"]
[WhiteClock "0:00:51"]
[BlackClock "0:00:10"]

1. d4 Nf6 2. c4 g6 3. g3 Bg7 4. Bg2 O-O 5. Nc3 c6 6. e4 d6 7. Nge2 Qc7 8. O-O Nbd7 9. h3 e5 10. Re1 Re8 11. Be3 exd4 12. Nxd4 Nc5 13. Qc2 a5 14. b3 h5 15. Bf4 h4 16. g4 Nxg4 17. Rad1 Ne5 18. Ndb5 cxb5 19. Nxb5 Qb6 20. Rxd6 Nc6 21. Qd2 Ne6 22. Be3 Qa6 23. Rxe6 Bxe6 24. Nc7 Rad8 25. Qc1 Nb4 26. Nxa6 Nd3 27. Qb1 Nxe1 28. Nc7 Nxg2 29. Kxg2 Re7 30. Nd5 Bxd5 31. exd5 f5 32. Bg5 Red7 33. Bxd8 Rxd8 34. Qe1 b6 35. Qe7 Kh7 1-0


[Site "https://www.chess.com"]

[Event "Titled Tuesday Blitz February 21 Early 2023"]
[White "Rodriguez Fontecha, Marcos"]
[Black "Vakhlamov, Igor L."]
[WhiteFideId "2256576"]
[BlackFideId "24126748"]
[WhiteElo "2309"]
[BlackElo "2413"]
[Result "0-1"]
[Round "01"]
[TimeControl "180+2"]
[Date "2023.02.21"]
[WhiteClock "0:01:11"]
[BlackClock "0:01:23"]

1. d4 d5 2. Bf4 Nf6 3. e3 Bf5 4. c4 e6 5. Nc3 Bb4 6. Qb3 Nc6 7. a3 Bxc3+ 8. bxc3 Na5 9. Qa4+ c6 10. cxd5 Nxd5 11. Ne2 O-O 12. Bg3 Bd3 13. Rc1 b5 14. Qd1 Qe7 15. Qxd3 Qxa3 16. e4 Nb6 17. Qb1 Nac4 18. Nf4 a5 19. Bxc4 Nxc4 20. Nd3 Rfd8 21. Nc5 e5 22. Qa1 Qxa1 23. Rxa1 exd4 24. cxd4 Rxd4 25. O-O a4 26. Rfd1 Rxd1+ 27. Rxd1 f6 28. Kf1 b4 29. Rd4 b3 0-1


[Site "https://www.chess.com"]

[Event "Titled Tuesday Blitz February 21 Early 2023"]
[White "Boros, Denes"]
[Black "Manukyan, Sargis V."]
[WhiteFideId "722340"]
[BlackFideId "13303465"]
[WhiteElo "2406"]
[BlackElo "2253"]
[Result "1-0"]
[Round "01"]
[TimeControl "180+2"]
[Date "2023.02.21"]
[WhiteClock "0:00:28"]
[BlackClock "0:00:15"]

1. d4 Nf6 2. Nc3 d5 3. Nf3 g6 4. g3 Bg7 5. Bg2 O-O 6. O-O c6 7. Re1 Bf5 8. Nh4 Bg4 9. h3 Be6 10. Nf3 h6 11. a4 Ne4 12. a5 Nd7 13. e3 Ndf6 14. Ne2 Qc8 15. Kh2 Rd8 16. Rf1 Bf5 17. Ne5 Nd7 18. f3 Nd6 19. g4 Be6 20. f4 Ne4 21. f5 gxf5 22. gxf5 Nxe5 23. fxe6 Ng6 24. exf7+ Kh8 25. Bxe4 dxe4 26. Ng3 c5 27. Qh5 Qe6 28. Bd2 Rd5 29. Rf5 Rxf5 30. Qxf5 Qxf5 31. Nxf5 cxd4 32. exd4 Rf8 33. Rg1 Kh7 34. Rg4 e6 35. Nxg7 Kxg7 36. h4 Rxf7 37. Be3 Kh7 38. Rxe4 Rf6 39. c4 Ne7 40. d5 Nf5 41. dxe6 Rf8 42. Bxa7 Re8 43. Bc5 Kg6 44. Kh3 Kf6 45. e7 h5 46. b4 Kg6 47. Kg2 Kf7 48. Kf3 Ng7 49. Bd6 Nf5 50. c5 Ng7 51. Ke2 Ne6 52. Kd3 Ng7 53. Kc4 Kg6 54. Kb5 Kf5 55. Rc4 Ne6 56. Kb6 Ng7 57. Kxb7 Ne6 58. a6 1-0


[Site "https://www.chess.com"]

[Event "Titled Tuesday Blitz February 21 Early 2023"]
[White "Grot, Blazej"]
[Black "Urazayev, Arystanbek"]
[WhiteFideId "21835845"]
[BlackFideId "13709810"]
[WhiteElo "1990"]
[BlackElo "2460"]
[Result "1-0"]
[Round "01"]
[TimeControl "180+2"]
[Date "2023.02.21"]
[WhiteClock "0:01:29"]
[BlackClock "0:00:03"]

1. e4 e6 2. d4 d5 3. Nc3 Bb4 4. e5 c5 5. a3 Bxc3+ 6. bxc3 Ne7 7. Qg4 O-O 8. Bd3 f5 9. exf6 Rxf6 10. Bg5 e5 11. Qh4 e4 12. Bxf6 gxf6 13. Be2 Ng6 14. Qg3 f5 15. Nh3 Nc6 16. Nf4 Qd6 17. Nxg6 Qxg3 18. Ne7+ Nxe7 19. hxg3 Be6 20. Rb1 cxd4 21. Rxb7 Re8 22. Bb5 Bc8 23. Rxa7 1-0


[Site "https://www.chess.com"]

[Event "Titled Tuesday Blitz February 21 Early 2023"]
[White "Harsh Suresh"]
[Black "Zacurdajev, Dmitry"]
[WhiteFideId "45018464"]
[BlackFideId "4196309"]
[WhiteElo "2298"]
[BlackElo "2273"]
[Result "1-0"]
[Round "01"]
[TimeControl "180+2"]
[Date "2023.02.21"]
[WhiteClock "0:00:05"]
[BlackClock "0:00:01"]

1. e4 c6 2. d3 d5 3. Nd2 e6 4. Ngf3 Nf6 5. g3 Be7 6. Bg2 O-O 7. O-O c5 8. Re1 Nc6 9. e5 Nd7 10. Nf1 b5 11. h4 a5 12. N1h2 b4 13. h5 h6 14. Ng4 Re8 15. Bf4 Bf8 16. Qd2 Ba6 17. Bh3 Kh7 18. c3 a4 19. a3 bxc3 20. bxc3 Na5 21. Rad1 Nb3 22. Qe3 c4 23. d4 Rb8 24. Rb1 Na5 25. Rxb8 Qxb8 26. Bf1 Qb2 27. Be2 Qxa3 28. Bd1 Qa2 29. Kg2 a3 30. Re2 Qa1 31. Bc2+ Kh8 32. Bxh6 a2 33. Ng5 Re7 34. Qf4 Qxc3 35. Nxf7+ Rxf7 36. Qxf7 a1=Q 37. Bxg7+ Bxg7 38. h6 Qf3+ 39. Qxf3 1-0


[Site "https://www.chess.com"]